 Dungeon Crawl Stone Soup version 0.18.1-6-gd335043 (webtiles) character file.

506 GFox the Insei (level 7, 0/45 HPs)
             Began as an Octopode Transmuter on May 17, 2016.
             Slain by Menkaure (18 damage)
             ... on level 4 of the Dungeon.
             The game lasted 00:28:02 (3576 turns).

GFox the Insei (Octopode Transmuter)                Turns: 3576, Time: 00:28:03

Health: 0/45       AC:  2    Str:  9    XL:     7   Next: 18%
Magic:  20/20      EV: 21    Int: 17    God:
Gold:   221        SH:  0    Dex: 18    Spells: 2 memorised, 8 levels left

rFire  . . .     SeeInvis .       - Unarmed
rCold  . . .     Gourm    .     (shield currently unavailable)
rNeg   . . .     Faith    .     (helmet currently unavailable)
rPois  x         Spirit   .     t - amulet of regeneration
rElec  .         Dismiss  .     w - ring of magical power
rCorr  .         Reflect  .     (no ring)
SustAt .         Harm     .     (no ring)
MR     .....                    (no ring)
Stlth  +++.......               (no ring)
                                (no ring)
                                (no ring)
                                (no ring)

@: spider-form (expiring), not resistant to hostile enchantments, fairly
stealthy
A: almost no armour, (amphibious), 8 rings, (constrict 8), (camouflage 0),
(gelatinous body 0)
a: End Transformation


You were on level 4 of the Dungeon.
You were not hungry.
You were a venomous arachnid creature.
You visited 1 branch of the dungeon, and saw 4 of its levels.

You collected 221 gold pieces.

Inventory:

Missiles
 a - 12 arrows
 v - 8 steel javelins (quivered)
Jewellery
 t - an amulet of regeneration (around neck)
 w - a ring of magical power (left front leg)
Wands
 y - a wand of disintegration (17/24)
Scrolls
 e - 2 scrolls of identify
 g - 2 scrolls of teleportation {unknown}
 h - 2 scrolls of blinking {unknown}
 i - a scroll of immolation {unknown}
 l - 2 scrolls of fog {unknown}
 o - 2 scrolls of random uselessness {unknown}
 q - 2 scrolls of amnesia {unknown}
Potions
 d - 3 potions of flight {unknown}
 f - a potion of ambrosia {unknown}
 j - a potion of cure mutation {unknown}
 k - 2 potions of resistance {unknown}
 m - 2 potions of berserk rage {unknown}
 s - a potion of heal wounds {unknown}
 u - a potion of cancellation {unknown}
 x - a potion of haste {unknown}
Books
 b - a book of Changes

   Spells                             Type                      Level
   a - Beastly Appendage              Transmutation                1
   b - Sticks to Snakes               Transmutation                2
   c - Spider Form                    Transmutation/Poison         3
   d - Ice Form                       Ice/Transmutation            4
   e - Blade Hands                    Transmutation                5
Comestibles
 c - 2 bread rations
 n - a meat ration
 p - a slice of pizza
 r - 4 chunks of flesh


   Skills:
 + Level 2.6 Fighting
 + Level 3.5 Dodging
 + Level 2.8 Stealth
 + Level 4.4 Unarmed Combat
 + Level 3.1 Spellcasting
 + Level 3.3 Transmutations
 + Level 2.6 Poison Magic


You had 8 spell levels left.
You knew the following spells:

 Your Spells              Type           Power        Failure   Level  Hunger
a - Beastly Appendage     Trmt           ##....       14%         1    None
b - Spider Form           Trmt/Pois      ##........   36%         3    ###....


Dungeon Overview and Level Annotations

Branches:
Dungeon (4/15)
 Temple: D:4-7

Altars:
Cheibriados
Fedhas
Gozag

Annotations:
D:4 Menkaure


Innate Abilities, Weirdness & Mutations

You cannot wear most types of armour.
((You are amphibious.))
You can wear up to eight rings at the same time.
((You can use your tentacles to constrict eight enemies at once.))
((Your skin changes colour to match your surroundings (Stealth).))
((Your rubbery body absorbs attacks (AC +1).))


Message History

You hit Menkaure.
Menkaure is lightly damaged.
Your transformation is almost over.
The ogre completely misses you.
Menkaure calls on the powers of darkness!
The ogre convulses!
Your body is wracked with pain!
You hit the ogre.
The ogre looks even sicker.
The ogre is almost dead.
You hit Menkaure.
Menkaure is moderately damaged.
The ogre misses you. Menkaure completely misses you.
You hit Menkaure.
Menkaure is severely damaged.
You kill the ogre!
Menkaure casts a spell at you. Pain shoots through your body!
You barely miss Menkaure.
Menkaure is severely damaged.
Menkaure hits you!!
You die...

## .. # #. ### .# #
#. ..# .# ...###.
#.#..#
#....M###.#..#
#....)s...<..#
#########.#### #.#
#########.#
..........#
###.####..# ..
##.....##..#####.
...#.......#........
...#.......#.######.


You could see Menkaure.

Vanquished Creatures
  Grinder (D:3)
  An ogre (D:4)
  An orc priest (D:4)
  Crazy Yiuf (D:3)
  2 worker ants (D:4)
  6 adders
  2 worms
  2 dart slugs (D:1)
  A giant gecko (D:2)
  3 orcs
  3 ball pythons
  8 bats
  4 giant cockroaches
  11 goblins
  3 hobgoblins
  4 jackals
  7 kobolds
  2 giant newts
  13 rats
75 creatures vanquished.

Notes
Turn   | Place    | Note
--------------------------------------------------------------
     0 | D:1      | GFox the Octopode Transmuter began the quest for the Orb.
     0 | D:1      | Reached XP level 1. HP: 13/13 MP: 3/3
   108 | D:1      | Reached XP level 2. HP: 3/18 MP: 5/5
   977 | D:1      | Reached XP level 3. HP: 20/23 MP: 4/6
  1014 | D:1      | Learned a level 3 spell: Spider Form
  1477 | D:2      | Reached skill level 1 in Stealth
  1612 | D:2      | Found a blossoming altar of Fedhas.
  1719 | D:2      | Reached XP level 4. HP: 15/28 MP: 0/7
  2147 | D:2      | Found an opulent altar of Gozag.
  2748 | D:3      | Noticed Grinder
  2750 | D:3      | Paralysed by Grinder for 2 turns
  2769 | D:3      | Killed Grinder
  2769 | D:3      | Reached skill level 4 in Unarmed Combat
  2769 | D:3      | Reached skill level 1 in Poison Magic
  2769 | D:3      | Reached XP level 5. HP: 34/34 MP: 9/9
  2769 | D:3      | Reached XP level 6. HP: 39/39 MP: 10/10
  3318 | D:3      | Noticed Crazy Yiuf
  3329 | D:3      | Killed Crazy Yiuf
  3538 | D:4      | Found a snail-covered altar of Cheibriados.
  3544 | D:4      | Reached XP level 7. HP: 45/45 MP: 11/11
  3565 | D:4      | Noticed Menkaure
  3576 | D:4      | Slain by Menkaure

Skill      XL: |  1  2  3  4  5  6 |
---------------+-------------------+-----
Stealth        | 1 2 |  2.8
Fighting       | 2 |  2.6
Dodging        | 3 |  3.5
Unarmed Combat | 4 |  4.4
Transmutations | 3 |  3.3
Poison Magic   | 1 2 |  2.6
Spellcasting   | 3 |  3.1

Action                   |  1- 3 |  4- 6 |  7- 9 || total
-------------------------+-------+-------+-------++-------
Melee: Unarmed           |    84 |    99 |    10 ||   193
       Constrict         |    19 |     7 |       ||    26
       Kick              |    10 |     2 |       ||    12
       Tentacles         |    10 |     5 |       ||    15
       Punch             |     1 |     2 |       ||     3
 Cast: Beastly Appendage |    15 |     4 |       ||    19
       Spider Form       |     2 |    16 |     1 ||    19
  Use: Scroll            |       |     2 |       ||     2
 Stab: Sleeping          |     7 |     3 |       ||    10
       Distracted        |       |     1 |       ||     1
  Eat: Chunk             |     3 |     8 |     1 ||    12
Armor: Skin              |    18 |       |       ||    18
Dodge: Dodged            |    64 |    74 |     7 ||   145
